 Dungeon Crawl Stone Soup version 0.25-a0-479-g8579842fd4 (webtiles) character file.

Game seed: 6938924864306945479, levelgen mode: deterministic

329 kae the Insei (level 6, 0/47 HPs)
             Began as a Draconian Transmuter on Feb 9, 2020.
             Slain by Sigmund
             ... wielding a +2 scythe of venom
              (8 damage)
             ... on level 4 of the Dungeon.
             The game lasted 00:04:06 (3648 turns).

kae the Insei (Draconian Transmuter)                Turns: 3648, Time: 00:04:07

Health: 0/47       AC:  2    Str: 13    XL:     6   Next: 25%
Magic:  4/10       EV: 19    Int: 13    God:
Gold:   60         SH:  0    Dex: 18    Spells: 5/11 levels left

rFire    . . .     SeeInvis .     - Unarmed
rCold    . . .     Gourm    .   (shield currently unavailable)
rNeg     . . .     Faith    .   (armour unavailable)
rPois    x         Spirit   .   (helmet currently unavailable)
rElec    .         Reflect  .   (cloak currently unavailable)
rCorr    .         Harm     .   (gloves currently unavailable)
MR       .....                  (boots currently unavailable)
Stlth    +.........             g - amulet of the acrobat
HPRegen  0.15/turn              (no ring)
MPRegen  0.12/turn              (no ring)

@: confused, spider-form (expiring)
A: tiny, unfitting armour, AC +6
a: End Transformation


You were on level 4 of the Dungeon.
You were not hungry.
You were a venomous arachnid creature.
You visited 1 branch of the dungeon, and saw 4 of its levels.

You collected 60 gold pieces.

Inventory:

Missiles
 a - 28 arrows
Jewellery
 g - an amulet of the acrobat (around neck)
Scrolls
 e - 3 scrolls of amnesia {unknown}
 f - 4 scrolls of identify {unknown}
 i - a scroll of immolation {unknown}
 j - a scroll of teleportation {unknown}
Potions
 b - 8 potions of curing {unknown}
 h - a potion of mutation {unknown}
 k - a potion of degeneration {unknown}
 l - a potion of magic {unknown}
 m - a potion of agility {unknown}
Comestibles
 c - 4 rations
 d - 2 chunks of flesh


   Skills:
 - Level 1.1 Fighting
 - Level 1.7 Dodging
 * Level 5.6 Unarmed Combat
 - Level 3.0 Spellcasting
 + Level 3.8 Transmutations


You had 5 spell levels left.
You knew the following spells:

 Your Spells              Type           Power        Failure   Level  Hunger
a - Beastly Appendage     Tmut           ##....       14%         1    #......
b - Sticks to Snakes      Tmut           ##......     19%         2    ###....
c - Spider Form           Tmut/Pois      #.........   52%         3    ###....

Your spell library contained the following spells:

 Spells                   Type           Power        Failure   Level  Hunger
 Ice Form                 Ice/Tmut       #.......     87%         4    #####..
 Blade Hands              Tmut           ##........   91%         5    ######.


Dungeon Overview and Level Annotations

Branches:
Dungeon (4/15)             Temple (0/1) D:4

Altars:
Vehumet

Annotations:
D:4 Menkaure, Sigmund


Innate Abilities, Weirdness & Mutations

((Your plain brown scales are hard. (AC +6)))
You cannot fit into any form of body armour.
((You are cold-blooded and may be slowed by cold attacks.))


Message History

Sigmund is moderately wounded.
Sigmund closely misses you.
You hit Sigmund.
Sigmund looks as sick as possible!
Sigmund is moderately wounded.
You hit Sigmund.
Sigmund looks as sick as possible!
Sigmund is heavily wounded.
Sigmund casts a spell at you. You resist with some effort.
You hit Sigmund.
Sigmund looks as sick as possible!
Sigmund is severely wounded.
Sigmund points at you and mumbles some strange words.
You are confused.
You're too confused to move!
Sigmund casts a spell at you. The magic dart hits you!
* * * LOW HITPOINT WARNING * * *
You hit Sigmund but do no damage.
Sigmund looks as sick as possible!
Sigmund is almost dead.
Sigmund hits you with a +2 scythe of venom!
You die...

............##
.............
≈≈≈≈≈≈≈..........##
≈≈≈≈≈≈≈≈≈≈≈.........#
≈≈≈≈≈≈≈≈≈≈≈≈≈).......#
≈≈≈≈?..≈≈≈≈≈≈.......#
≈≈≈≈.>.≈≈≈≈≈≈.).##.#
≈≈≈≈...≈≈≈≈≈≈.#.@.#
≈≈≈≈≈≈≈≈≈≈≈≈..##s.##
.≈≈≈≈≈≈≈≈≈....#)...#
...≈≈≈≈≈.....)....##
.................##
.....##<..........#
..................#
...............####
......#.....#.##
....(.#.....#.#


You could see Sigmund.

Vanquished Creatures
  A scorpion (D:4)
  An orc priest (D:4)
  4 orc wizards
  A worker ant (D:2)
  4 adders
  3 dart slugs
  3 leopard geckos
  9 orcs
  A ball python (D:1)
  6 giant cockroaches
  8 hobgoblins
  5 kobolds
  A quokka (D:2)
  5 bats
  4 frilled lizards
  7 goblins
  9 rats
72 creatures vanquished.

Notes
Turn   | Place    | Note
-------+----------+-------------------------------------------
     0 | D:1      | kae the Draconian Transmuter began the quest for the Orb.
     0 | D:1      | Reached XP level 1. HP: 16/16 MP: 3/3
   241 | D:1      | Reached XP level 2. HP: 23/23 MP: 3/5
   759 | D:1      | Learned a level 2 spell: Sticks to Snakes
  1158 | D:1      | Reached XP level 3. HP: 27/28 MP: 4/6
  1163 | D:1      | Learned a level 3 spell: Spider Form
  1405 | D:2      | Reached XP level 4. HP: 21/35 MP: 4/8
  1734 | D:2      | Reached skill level 4 in Unarmed Combat
  2348 | D:3      | Found a radiant altar of Vehumet.
  2600 | D:3      | Reached XP level 5. HP: 24/40 MP: 5/9
  3213 | D:4      | Reached skill level 5 in Unarmed Combat
  3487 | D:4      | Noticed Menkaure
  3532 | D:4      | Found a staircase to the Ecumenical Temple.
  3558 | D:4      | Reached XP level 6. HP: 15/47 MP: 7/10
  3630 | D:4      | Noticed Sigmund
  3648 | D:4      | Slain by Sigmund

Levels and vault maps discovered:
D:1:      ncdulo_smallfort, layout_basic
D:2:      layout_loops_ring
D:3:      layout_basic, vehumet_crystals
D:4:      layout_cave_pools, nicolae_overflow_hidden_temple,
          chequers_temple_overflow_statue_of_worship, temple_pool_b,
          serial_shops, nicolae_shop_statue_plus,
          hangedman_abyss_or_decor_slice, uniq_sigmund, uniq_menkaure

Skill      XL: |  1  2  3  4  5 |
---------------+----------------+-----
Spellcasting   | 3 |  3.0
Unarmed Combat | 4 5 |  5.6
Transmutations | 3 |  3.8
Fighting       | |  1.1
Dodging        | |  1.7

Action                   |  1- 3 |  4- 6 || total
-------------------------+-------+-------++-------
Melee: Unarmed           |   109 |   154 ||   263
       Tailslap          |     5 |    13 ||    18
       Kick              |     3 |     5 ||     8
       Headbutt          |     1 |     1 ||     2
       Punch             |     1 |       ||     1
 Cast: Beastly Appendage |     8 |    14 ||    22
       Spider Form       |     2 |     7 ||     9
       Sticks to Snakes  |       |     1 ||     1
  Use: Scroll            |       |     1 ||     1
  Eat: Chunk             |     2 |     6 ||     8
       Ration            |       |     1 ||     1
Armor: Skin              |    26 |    36 ||    62
Dodge: Dodged            |    84 |   112 ||   196

Table legend:
 A = Non-vault XP
 B = Vault XP
 C = Vault XP percentage of total XP
 D = Non-vault monster count
 E = Vault monster count
 F = Vault count percentage of total count
                 A         B        C        D         E       F
            +---------+---------+-------+---------+---------+-------
      Total |     470 |       0 |   0.0 |      72 |       0 |   0.0
            +---------+---------+-------+---------+---------+-------
        D:1 |      42 |       0 |   0.0 |      22 |       0 |   0.0
        D:2 |     106 |       0 |   0.0 |      23 |       0 |   0.0
        D:3 |      77 |       0 |   0.0 |      16 |       0 |   0.0
        D:4 |     245 |       0 |   0.0 |      11 |       0 |   0.0
            +---------+---------+-------+---------+---------+-------
